FIQ, neutral male scurrid Tourist - ----------+--- |.a..v...a..rQ.| |aaFhY$l$dl'rr$| |dlaYltaQua'reG| |ndlFju@FQQrlhG| ---------------- FIQ the Rambler Experience level: 1 Strength: 12 Dexterity: 10 Constitution: 12 Intelligence: 16 Wisdom: 10 Charisma: 15 Health: 0(9) Energy: 2(2) Def: 0 Gold: 236 Moves: 29 Dungeon seed: dTOm6xUPPmoneXt- Game ID: FIQ_1498603301 Your Inventory: Coins $ - 236 gold pieces Weapons a - 44 uncursed +2 darts (in quiver) Armor e - an uncursed +0 Hawaiian shirt (being worn) Comestibles b - 6 uncursed food rations c - an uncursed pancake d - an uncursed egg f - an uncursed lembas wafer g - an uncursed tripe ration Scrolls j - 4 uncursed scrolls of magic mapping Potions h - a blessed potion of extra healing i - an uncursed potion of extra healing Wands m - an uncursed wand of secret door detection (0:11) Tools k - an uncursed expensive camera (0:43) l - an uncursed credit card n - an uncursed towel Spells and supernatural/magical abilities: Name Level Category Fail Memory W - pray for help -- divine ? -- Your skills at the end: Miscellaneous Skills wands [Basic] Weapon Skills dart [Basic] Spellcasting Skills Final Attributes: You were devoutly aligned. You had infravision. You were very stealthy. You are dead. Voluntary challenges: You went without food. You did not adorn yourself with jewelry or accessories. You did not cause conflict. You were not invisible. You did not have reflection. You were not displaced. You were an atheist. You never hit with a wielded weapon. You were a pacifist. You did not use tools. You did not use plumbed fixtures. You did not drink any magical draughts. You were illiterate. You never genocided any monsters. You never polymorphed an object. You never changed form. You used no wishes. You never split a pudding. You never wrote Elbereth's name. You never violated your personal moral code. Dungeon overview: The Dungeons of Doom: levels 1 to 12 Level 1 a long staircase Level 2 Level 3 a fountain Level 4 Level 5 an altar to Offler Level 6 Level 7 a scroll shop Level 8 a fountain Level 9 a general store Level 10 Level 11 Level 12 <- You were here History has recorded: On T:1 you entered the Dungeons of Doom to retrieve the Amulet of Yendor! On T:4 you reached level 2 of The Dungeons of Doom. On T:6 you reached level 3 of The Dungeons of Doom. On T:8 you reached level 4 of The Dungeons of Doom. On T:10 you reached level 5 of The Dungeons of Doom. On T:13 you reached level 6 of The Dungeons of Doom. On T:15 you reached level 7 of The Dungeons of Doom. On T:17 you reached level 8 of The Dungeons of Doom. On T:19 you reached level 9 of The Dungeons of Doom. On T:22 you reached level 10 of The Dungeons of Doom. On T:25 you reached level 11 of The Dungeons of Doom. On T:28 you reached level 12 of The Dungeons of Doom. Score breakdown: Gold: 0 ( 0 points) Experience: 1 level ( 0 points) Exploration: 12 levels ( 330 points) Discoveries: 0 items ( 0 points) Variety of kills: 0 monsters ( 0 points) Major goal: (nothing yet) ( 0 points) Survival: died (score multiplied by 3) Total score: 990 Latest messages: You dig a hole through the floor. You fall through... You start digging downward. You continue digging downward. You dig a pit in the floor. You continue digging downward. You dig a hole through the floor. You fall through... Welcome to David's treasure zoo! You receive a faint telepathic message from Twoflower: Your help is urgently needed at Ankh-Morpork! Look for a ...ic transporter. You couldn't quite make out that last message. The giant rat bites! The Green-elf hurls a milky potion! The carafe crashes on the soldier ant's body and breaks into shards. The milky potion evaporates. (You can name a milky potion from the item naming menu.) That command is only available in debug mode. You claw the giant rat. You have no weapon equipped. You miss the Green-elf. The Green-elf wields a runed spear! The giant rat bites! (2x) The gold golem claws you! You die... Final status: Aloha FIQ the Tourist, killed by a gold golem... You died in The Dungeons of Doom on dungeon level 12 with 990 points, and 236 pieces of gold, after 29 moves. You were level 1 with a maximum of 9 hit points when you died.